Match 42592126
Unlisted

Match 42592126
End
Construct Section Command Post
Royal Engineer Section
Infantry Section
Vickers Machine Gun Team
Construct Platoon Command Post
Selects Canadian Shock Battlegroup
Selects Incendiary Munitions
CMP 15cwt Truck
6-pounder Anti-tank Gun Team
Infantry Training
Selects Pyrotechnics
Construct Company Command Post
Foot Guards Section
Crusader II Medium Tank
Foot Guards Section
Crusader II Medium Tank
Crusader II Medium Tank
[HAN]Diederick Kastner
< blank >
宇杰
帝国の突撃隊
PORPIRAP TETSUWAN
돔황챠
EL Le Le
Promise
0
0

Comments sign in to comment!

No comments posted yet!